[Event "*** Titled Tuesday Blitz"]
[Site "Chess.com"]
[Date "2020.10.27"]
[Round "5"]
[White "Kurai"]
[Black "saraswathii"]
[Result "1-0"]
[WhiteElo "2578"]
[BlackElo "2390"]
[TimeControl "180+1"]
[EndTime "10:53:53 PDT"]
[Termination "Kurai won by resignation"]

1. d4 g6 2. c4 Bg7 3. Nc3 e6 4. e4 Ne7 5. d5 d6 6. Nf3 O-O 7. Be2 exd5 8. cxd5 c6 9. O-O cxd5 10.
exd5 Bf5 11. Bg5 Nd7 12. Re1 Nf6 13. Nd4 h6 14. Bh4 Qd7 15. Bb5 Qd8 16. Qe2 Nc8 17.
Nxf5 gxf5 18. Bd3 f4 19. Bc2 Nb6 20. Qd3 Re8 21. Rxe8+ Qxe8 22. Bxf6 Bxf6 23. Qh7+ Kf8 24. Qxh6+ Bg7 25. Qxd6+ 1-0

[Event "*** Titled Tuesday Blitz"]
[Site "Chess.com"]
[Date "2020.10.27"]
[Round "5"]
[White "VladimirBelous"]
[Black "Casper_Schoppen"]
[Result "0-1"]
[WhiteElo "2838"]
[BlackElo "2969"]
[TimeControl "180+1"]
[EndTime "10:53:54 PDT"]
[Termination "Casper_Schoppen won by checkmate"]

1. Nf3 Nf6 2. c4 e6 3. g3 d5 4.
Bg2 Be7 5. O-O O-O 6. b3 b6 7.
Bb2 Bb7 8. cxd5 exd5 9. d4 c5 10. dxc5 bxc5 11. Nh4 Qd7 12. Nc3 d4 13. Na4 Bxg2 14.
Nxg2 Na6 15. Rc1 Rac8 16. Nf4 Bd6 17. Nd3 Rfe8 18. Re1 Qh3 19. f3 Bxg3 20. hxg3 Qxg3+ 21. Kh1 Ng4 22. fxg4 Rc6 23. Qd2 Re3 24. Qxe3 dxe3 25.
g5 Qxg5 26. Bxg7 Kxg7 27. Rg1 Rh6# 0-1

[Event "*** Titled Tuesday Blitz"]
[Site "Chess.com"]
[Date "2020.10.27"]
[Round "5"]
[White "Triumphmate"]
[Black "Roza_Idrisova"]
[Result "1-0"]
[WhiteElo "2412"]
[BlackElo "2214"]
[TimeControl "180+1"]
[EndTime "10:53:59 PDT"]
[Termination "Triumphmate won by resignation"]

1. e4 c6 2. Nf3 d5 3. exd5 cxd5 4. d4 Nc6 5. Bd3 Nf6 6. c3 Bg4 7. O-O e6 8. Be3 Be7 9. Nbd2 O-O 10. Qc2 Rc8 11. a3 a6 12. Rae1 b5 13. Qb1 Na5 14.
Ne5 Bh5 15. f4 Nc4 16. Ndxc4 dxc4 17. Bc2 Bg6 18. f5 exf5 19. Bxf5 Bxf5 20. Qxf5 Nd5 21. Bd2 Bd6 22. Nxf7 Qh4 23. g3 Bxg3 24. hxg3 Qxg3+ 25. Kh1 Qh4+ 26. Kg2 Nf6 27. Ng5 h6 28. Nf3 Qg4+ 29. Qxg4 Nxg4 30. Ne5 Nf6 31. Ng6 1-0

[Event "*** Titled Tuesday Blitz"]
[Site "Chess.com"]
[Date "2020.10.27"]
[Round "5"]
[White "Harsha_Bharathakoti"]
[Black "PSvidler"]
[Result "1-0"]
[WhiteElo "2829"]
[BlackElo "2916"]
[TimeControl "180+1"]
[EndTime "10:54:05 PDT"]
[Termination "Harsha_Bharathakoti won by resignation"]

1. d4 Nf6 2. c4 g6 3. Nc3 d5 4. cxd5 Nxd5 5. Bd2 Nb6 6. Nf3 Bg7 7.
Bg5 h6 8. Bh4 c5 9. dxc5 N6d7 10. e3 O-O 11. Rc1 Nc6 12. Bb5 g5 13. Bg3 Nxc5 14.
O-O Bf5 15. Qd5 Qxd5 16. Nxd5 e6 17. Nc7 Ne4 18. Nxa8 Rxa8 19. Bxc6 bxc6 20. Nd4 c5 21. Nxf5 exf5 22. Rc2 Rd8 23. f3 Nxg3 24. hxg3 Bf8 25.
Kf2 Ra8 26. Rd1 1-0

[Event "*** Titled Tuesday Blitz"]
[Site "Chess.com"]
[Date "2020.10.27"]
[Round "5"]
[White "zurzan"]
[Black "Unknown_IM"]
[Result "1-0"]
[WhiteElo "2044"]
[BlackElo "2330"]
[TimeControl "180+1"]
[EndTime "10:54:06 PDT"]
[Termination "zurzan won by resignation"]

1. f4 c5 2. Nf3 Nc6 3. g3 Nf6 4. Bg2 g6 5. O-O Bg7 6. d3 O-O 7. c3 d5 8. Qc2 Qc7 9. e4 dxe4 10. dxe4 Rd8 11. Na3 b6 12. Nb5 Qb7 13. a4 a6 14.
Na3 Qc7 15. h3 Bb7 16. Be3 Na5 17. Rac1 Bxe4 18. Qf2 Nb3 19. Rcd1 Qb7 20. Nc4 b5 21. Nce5 bxa4 22. g4 Nd5 23. Bxc5 Nxc5 24. Qxc5 Nxf4 25.
Nxf7 Kxf7 26. Ng5+ Kg8 27. Bxe4 Qb8 28. Rxd8+ Qxd8 29.
Bxa8 e5 30. Qc4+ Nd5 1-0

[Event "*** Titled Tuesday Blitz"]
[Site "Chess.com"]
[Date "2020.10.27"]
[Round "5"]
[White "MoreChessJulia"]
[Black "GrafLermontov"]
[Result "1/2-1/2"]
[WhiteElo "2053"]
[BlackElo "2478"]
[TimeControl "180+1"]
[EndTime "10:54:09 PDT"]
[Termination "Game drawn by repetition"]

1. d4 Nf6 2. c4 g6 3. f3 d5 4. cxd5 Nxd5 5. e4 Nb6 6. Nc3 Bg7 7. a4 a5 8. Be3 Nc6 9. Bb5 O-O 10. Bxc6 bxc6 11.
Nge2 e5 12. b3 Be6 13. O-O Qe7 14. Qc2 Rfd8 15. Rfd1 exd4 16. Bxd4 c5 17. Bxg7 Kxg7 18. Nf4 c4 19. Nxe6+ Qxe6 20. bxc4 Qxc4 21. Qb2 Kg8 22. Rxd8+ Rxd8 23. h3 Rd3 24. Rc1 Qd4+ 25. Kh1 Nc4 26. Qb8+ Kg7 27. Nd5 Rd2 28. Qxc7 Qf2 29. Rg1 Rc2 30.
Qf4 Nd2 31. Qf6+ Kh6 32. Qf4+ Kg7 33. Qf6+ Kh6 34. Qf4+ Kg7 1/2-1/2

[Event "*** Titled Tuesday Blitz"]
[Site "Chess.com"]
[Date "2020.10.27"]
[Round "5"]
[White "Ariadna_Atreides"]
[Black "esrosenberg"]
[Result "1-0"]
[WhiteElo "2134"]
[BlackElo "2334"]
[TimeControl "180+1"]
[EndTime "10:54:09 PDT"]
[Termination "Ariadna_Atreides won by checkmate"]

1. d4 Nf6 2. Nf3 e6 3. e3 b6 4. Bd3 Bb7 5. b3 d6 6. Bb2 g6 7. Nbd2 Bg7 8. c4 O-O 9. Qc2 Nbd7 10. O-O Qe7 11. e4 e5 12. d5 a5 13. a3 Nc5 14. b4 axb4 15. axb4 Nxd3 16. Qxd3 Nh5 17. g3 f5 18. Rxa8 Bxa8 19. Ra1 Bh6 20. exf5 gxf5 21. Nh4 e4 22. Nxf5 exd3 23. Nxh6# 1-0

[Event "*** Titled Tuesday Blitz"]
[Site "Chess.com"]
[Date "2020.10.27"]
[Round "5"]
[White "BursaBBSatranc"]
[Black "paulrusan"]
[Result "1-0"]
[WhiteElo "2511"]
[BlackElo "2222"]
[TimeControl "180+1"]
[EndTime "10:54:11 PDT"]
[Termination "BursaBBSatranc won by checkmate"]

1. d4 g6 2. Nf3 Bg7 3. Bf4 d6 4. e3 f5 5. Bc4 Nf6 6. c3 e6 7. a4 Nc6 8. Nbd2 O-O 9. O-O Qe7 10. h3 Kh8 11. Bh2 e5 12. dxe5 Nxe5 13. Nxe5 dxe5 14. a5 a6 15. Qb3 Nh5 16. Rad1 f4 17. exf4 Nxf4 18.
Bxf4 exf4 19. Rfe1 Qg5 20. Nf3 Qxa5 21. Re7 Rb8 22. Rde1 Bf5 23. Rxg7 Kxg7 24. Re7+ Kh6 25. Bg8 Rxg8 26. Qf7 Rh8 27. Qg7+ Kh5 28. Qxh7+ Rxh7 29.
Rxh7# 1-0

[Event "*** Titled Tuesday Blitz"]
[Site "Chess.com"]
[Date "2020.10.27"]
[Round "5"]
[White "VitaliyBernadskiy"]
[Black "kingofthenil"]
[Result "1-0"]
[WhiteElo "2754"]
[BlackElo "2477"]
[TimeControl "180+1"]
[EndTime "10:54:14 PDT"]
[Termination "VitaliyBernadskiy won by resignation"]

1. e4 Nc6 2. d4 d5 3. e5 Bf5 4. c3 e6 5. f4 h5 6. Nf3 Nh6 7. Be2 Ne7 8. Nbd2 Ng6 9. Nf1 Be4 10. Qb3 Be7 11. Ng3 Nf5 12. Qxb7 O-O 13. Nxe4 Rb8 14. Nf6+ Bxf6 15. Qa6 Be7 16. Bd3 Bh4+ 17. g3 Rb6 18.
Qa4 Be7 19. Qc2 Qd7 20. b4 f6 21. O-O fxe5 22. Nxe5 Nxe5 23. fxe5 Rc6 24. Bb5 Nxd4 25.
Rxf8+ Bxf8 26. cxd4 Rxc2 27. Bxd7 Bxb4 28. Bxe6+ Kh8 29.
Rb1 Bc3 30. Rb8+ 1-0

[Event "*** Titled Tuesday Blitz"]
[Site "Chess.com"]
[Date "2020.10.27"]
[Round "5"]
[White "Flawless_Fighter"]
[Black "TokChess"]
[Result "1-0"]
[WhiteElo "2611"]
[BlackElo "2433"]
[TimeControl "180+1"]
[EndTime "10:54:16 PDT"]
[Termination "Flawless_Fighter won by resignation"]

1. d4 Nf6 2. c4 g6 3. Nc3 d5 4. e3 Bg7 5. Nf3 O-O 6. Bd2 e6 7. Rc1 b6 8. cxd5 exd5 9. Bd3 Bb7 10. O-O Re8 11. b4 c6 12. Ne2 Nbd7 13. Ng3 Ne4 14. Qe2 Nxd2 15. Qxd2 Bf8 16. Rc2 Qe7 17. Rb1 a5 18. bxa5 Rxa5 19. Rxb6 Nxb6 20. Qxa5 Qb4 21. Qxb4 Bxb4 22. Rb2 Ba5 23. Ne5 Kf8 24. h4 Ke7 25. h5 f6 26. Ng4 Kf7 27. Ne2 Bc8 28. Nh2 Bd7 29. hxg6+ hxg6 30. Nf4 f5 31. Nf3 Ra8 32. Ne5+ Kf6 33. Rxb6 Bxb6 34. Nxd7+ Kg5 35. Nxb6 Rxa2 36. Nd7 Ra3 37. Ne5 Rc3 38. Nexg6 1-0

[Event "*** Titled Tuesday Blitz"]
[Site "Chess.com"]
[Date "2020.10.27"]
[Round "5"]
[White "RaunakSadhwani2005"]
[Black "penguingm1"]
[Result "1-0"]
[WhiteElo "2968"]
[BlackElo "2820"]
[TimeControl "180+1"]
[EndTime "10:54:18 PDT"]
[Termination "RaunakSadhwani2005 won by resignation"]

1. c4 e6 2. Nf3 d5 3. d4 Nf6 4.
g3 dxc4 5. Bg2 Nc6 6. O-O Rb8 7. e3 Be7 8. Qe2 b5 9. a4 a6 10.
axb5 axb5 11. Nfd2 Nb4 12. b3 cxb3 13. Nxb3 O-O 14.
Bd2 Bb7 15. Bxb7 Rxb7 16. Rc1 Ne4 17. Nc3 Nxd2 18. Nxd2 c6 19. Nce4 h6 20. Nb3 Qd5 21. Nec5 Bxc5 22. Nxc5 Rbb8 23. Qd2 Ra8 24. Qxb4 Qf3 25.
Qe1 b4 26. Qxb4 Rab8 27. Qd2 Rb5 28. Qd1 Qd5 29. Qc2 Rfb8 30. Rab1 Qf3 31. Rxb5 Rxb5 32. Qe4 Qh5 33. Qxc6 Rb2 34. Rf1 Qe2 35. Qe8+ 1-0

[Event "*** Titled Tuesday Blitz"]
[Site "Chess.com"]
[Date "2020.10.27"]
[Round "5"]
[White "tlomigtlis"]
[Black "BanjoKazooieN64"]
[Result "1-0"]
[WhiteElo "2595"]
[BlackElo "2349"]
[TimeControl "180+1"]
[EndTime "10:54:21 PDT"]
[Termination "tlomigtlis won on time"]

1. d4 Nf6 2. c4 g6 3. Nc3 Bg7 4. g3 d6 5. Bg2 O-O 6. Nf3 Nbd7 7. O-O e5 8. e4 exd4 9. Nxd4 Re8 10. h3 Nc5 11. Re1 a5 12. Qc2 c6 13. Be3 Nfd7 14. Rad1 Qc7 15. f4 Nf6 16. Bf2 Nh5 17. Ndb5 cxb5 18. Nxb5 Qe7 19. Nxd6 Na6 20. Nxe8 Qxe8 21. e5 Nb4 22. Qd2 Bh6 23. a3 Nc6 24. Kh2 Be6 25.
Bf1 Rc8 26. Be3 Qe7 27. g4 Rd8 28. Qf2 Rxd1 29. Rxd1 Ng7 30. g5 Nf5 31. gxh6 Nxh6 32. Bc5 Qe8 33. Bg2 Nf5 34. Bb6 Kg7 35. Qc5 Nh4 36.
Bxc6 1-0

[Event "*** Titled Tuesday Blitz"]
[Site "Chess.com"]
[Date "2020.10.27"]
[Round "5"]
[White "RamyresCoelho"]
[Black "eCztery"]
[Result "1-0"]
[WhiteElo "2091"]
[BlackElo "2260"]
[TimeControl "180+1"]
[EndTime "10:54:21 PDT"]
[Termination "RamyresCoelho won by resignation"]

1. e4 c5 2. Nf3 Nc6 3. d4 cxd4 4. Nxd4 g6 5. Nc3 Bg7 6. Nde2 Nf6 7. g3 O-O 8. Bg2 d6 9. O-O Be6 10. Nd5 Rc8 11.
Rb1 Bxd5 12. exd5 Nb4 13. Nc3 a5 14. a3 Na6 15. Re1 Qd7 16. Qe2 Rfe8 17. Bg5 h6 18. Bf4 g5 19. Bd2 b6 20. Qxa6 Qf5 21. Qd3 Qg4 22.
Be4 Qh5 23. Bf5 Rc5 24. Ne4 Nxe4 25. Qxe4 e6 26. dxe6 Re5 27. exf7+ Qxf7 28. Bh7+ Kh8 29. Qg6 Qd5 30. Rxe5 Rxe5 31. Bc3 Re7 32. Qxh6 Bxc3 33.
Be4+ 1-0

[Event "*** Titled Tuesday Blitz"]
[Site "Chess.com"]
[Date "2020.10.27"]
[Round "5"]
[White "bascheyaro"]
[Black "garicradomir"]
[Result "1-0"]
[WhiteElo "2734"]
[BlackElo "2338"]
[TimeControl "180+1"]
[EndTime "10:54:24 PDT"]
[Termination "bascheyaro won by checkmate"]

1. d4 Nf6 2. Nf3 c5 3. c3 Qc7 4. g3 g6 5. Bg2 Bg7 6. O-O O-O 7. Bf4 d6 8. Na3 a6 9. e3 Nbd7 10. Qc2 Nh5 11. dxc5 Nxc5 12. h3 Bf5 13. Qd1 Nxf4 14. exf4 Be4 15. Ne1 Bxg2 16. Nxg2 b5 17. Nc2 a5 18. a3 Nb3 19. Rb1 Rfe8 20. Nge3 Rab8 21. f5 Qc8 22. Qd5 Nc5 23. Rbd1 Rb6 24. fxg6 hxg6 25. h4 Qh3 26. Qf3 Ne6 27. Nd5 Rbb8 28. Rfe1 Rbc8 29.
Nce3 b4 30. axb4 axb4 31. Nxb4 Rc5 32. Nbd5 Kf8 33. Ng4 Rb8 34. Rxe6 Rxb2 35. Rxe7 Rxd5 36. Qxf7# 1-0

[Event "*** Titled Tuesday Blitz"]
[Site "Chess.com"]
[Date "2020.10.27"]
[Round "5"]
[White "Shubinkirill2003"]
[Black "Zq1"]
[Result "1-0"]
[WhiteElo "2674"]
[BlackElo "2491"]
[TimeControl "180+1"]
[EndTime "10:54:24 PDT"]
[Termination "Shubinkirill2003 won by resignation"]

1. e4 c5 2. Nf3 d6 3. d4 cxd4 4. Qxd4 a6 5. h3 e6 6. c4 Nf6 7.
Be2 Be7 8. O-O b6 9. Nc3 Qc7 10.
Rd1 Nbd7 11. Bg5 h6 12. Bh4 Bb7 13. Rac1 Rc8 14. b4 Ne5 15. Na4 Nxf3+ 16. Bxf3 e5 17. Qxb6 Nxe4 18. Bxe7 Kxe7 19. Qe3 f5 20. Nb6 Rb8 21. c5 dxc5 22. Rd7+ Qxd7 23. Nxd7 Kxd7 24. bxc5 Bc6 25. Bxe4 fxe4 26. Qd2+ Kc8 27. Qd6 Bb5 28. c6 Rd8 29. Qe6+ Kc7 30. Qxe5+ 1-0

[Event "*** Titled Tuesday Blitz"]
[Site "Chess.com"]
[Date "2020.10.27"]
[Round "5"]
[White "eljanov"]
[Black "vinniethepooh"]
[Result "1-0"]
[WhiteElo "2867"]
[BlackElo "2569"]
[TimeControl "180+1"]
[EndTime "10:54:25 PDT"]
[Termination "eljanov won on time"]

1. e4 c5 2. Nf3 d6 3. Bb5+ Nd7 4. Ba4 a6 5. c4 Nf6 6. Nc3 e5 7. O-O Be7 8. d3 O-O 9. a3 a5 10. Rb1 Nb8 11. h3 h6 12. Ne1 Nc6 13. Nc2 Be6 14. Nd5 Nd4 15. Nxd4 exd4 16. Nxf6+ Bxf6 17. f4 Bd7 18.
Bxd7 Qxd7 19. a4 Be7 20. f5 Qd8 21. Qg4 Kh8 22. b3 Bg5 23. f6 1-0

[Event "*** Titled Tuesday Blitz"]
[Site "Chess.com"]
[Date "2020.10.27"]
[Round "5"]
[White "druskacik"]
[Black "Trickov"]
[Result "1-0"]
[WhiteElo "2604"]
[BlackElo "2351"]
[TimeControl "180+1"]
[EndTime "10:54:27 PDT"]
[Termination "druskacik won by resignation"]

1. d4 d5 2. c4 c6 3. Nf3 Nf6 4. e3 e6 5. b3 Nbd7 6. Bb2 Be7 7. Nc3 O-O 8. Be2 b6 9. O-O Ba6 10. Re1 Rc8 11. Rc1 Re8 12. Qd2 Bb4 13. cxd5 Ne4 14.
Qc2 Bxe2 15. Qxe2 Bxc3 16. Bxc3 exd5 17. Rc2 c5 18. dxc5 Nxc3 19. Rxc3 Rxc5 20. Rec1 Rxc3 21. Rxc3 Qf6 22. Qd2 Nc5 23. Rc1 Ne4 24. Qd4 Nxf2 25.
Kxf2 1-0

[Event "*** Titled Tuesday Blitz"]
[Site "Chess.com"]
[Date "2020.10.27"]
[Round "5"]
[White "LileKoridze"]
[Black "TioCridineno"]
[Result "0-1"]
[WhiteElo "2370"]
[BlackElo "2234"]
[TimeControl "180+1"]
[EndTime "10:54:29 PDT"]
[Termination "TioCridineno won by resignation"]

1. d4 Nf6 2. c4 g6 3. Nc3 Bg7 4.
e4 d6 5. Nf3 O-O 6. Be2 e5 7.
O-O Nc6 8. Be3 Ne7 9. Qc2 Ng4 10.
dxe5 Nxe3 11. fxe3 dxe5 12. Rad1 Qe8 13. Nd5 Nxd5 14.
exd5 f5 15. Kh1 Bd7 16. e4 c6 17. exf5 gxf5 18. Qb3 b6 19. c5 Kh8 20. cxb6 axb6 21. Qxb6 Rxa2 22. dxc6 Bxc6 23. Bc4 Ra8 24. Bd5 Bxd5 25.
Rxd5 Rb8 26. Qf2 e4 27. Ng5 Rxb2 28. Qh4 Qg6 29. Rd6 Bf6 30. Rd7 Bxg5 31. Qg3 f4 32. Qh3 e3 0-1

[Event "*** Titled Tuesday Blitz"]
[Site "Chess.com"]
[Date "2020.10.27"]
[Round "5"]
[White "Khnykin_Nikolay"]
[Black "AlexeiShirov"]
[Result "0-1"]
[WhiteElo "2057"]
[BlackElo "2802"]
[TimeControl "180+1"]
[EndTime "10:54:30 PDT"]
[Termination "AlexeiShirov won by resignation"]

1. e4 c5 2. d4 cxd4 3. c3 Nf6 4. Bd3 dxc3 5. Nxc3 Nc6 6. Nf3 d6 7. Bc4 e6 8. O-O Be7 9. Bg5 h6 10. Bf4 O-O 11.
Re1 e5 12. Be3 Be6 13. Bxe6 fxe6 14. Qc1 Kh7 15. h3 Rc8 16. Qd2 Nh5 17. Rad1 Qe8 18. Nb5 Rxf3 19. gxf3 a6 20. Nxd6 Qg6+ 21. Kh1 Rd8 22. Rg1 Qf6 23. Qe2 Bxd6 24. f4 Nxf4 25. Qg4 Be7 26. Rxd8 Bxd8 27. Bxf4 exf4 28.
Rd1 Ne5 29. Qg1 Bb6 30. Qg2 Qh4 31. Rf1 f3 32. Qh2 Qxe4 33. Qg3 Nd3 34. Rg1 g5 35. h4 Nxf2+ 36. Kh2 Qe2 37. hxg5 Ne4+ 0-1

[Event "*** Titled Tuesday Blitz"]
[Site "Chess.com"]
[Date "2020.10.27"]
[Round "5"]
[White "ural58"]
[Black "shriyanasmallya"]
[Result "0-1"]
[WhiteElo "2322"]
[BlackElo "1695"]
[TimeControl "180+1"]
[EndTime "10:54:32 PDT"]
[Termination "shriyanasmallya won by resignation"]

1. e4 e5 2. f4 exf4 3. Bc4 Nc6 4. d4 Qh4+ 5. Kf1 Nf6 6. Nf3 Qh6 7. Qe2 Be7 8. e5 Nh5 9. Kg1 O-O 10. Nc3 d6 11.
Nd5 Bd8 12. exd6 cxd6 13. Bd2 Bg4 14. c3 Bb6 15. Qf2 Bxf3 16. Qxf3 Nxd4 17. cxd4 Bxd4+ 18.
Kf1 Ng3+ 19. Ke1 Nxh1 20. Bxf4 Rfe8+ 21. Kd2 g5 22. Qg4 Nf2 23. Bxg5 Qg6 24. Qh4 Ne4+ 25. Kd3 Nxg5+ 26. Kxd4 Re4+ 27. Qxe4 Qxe4+ 28. Kc3 Qe5+ 29. Kb3 Ne4 30. Re1 Nd2+ 0-1

[Event "*** Titled Tuesday Blitz"]
[Site "Chess.com"]
[Date "2020.10.27"]
[Round "5"]
[White "Sueetin"]
[Black "Ranindu2003"]
[Result "0-1"]
[WhiteElo "2326"]
[BlackElo "2548"]
[TimeControl "180+1"]
[EndTime "10:54:33 PDT"]
[Termination "Ranindu2003 won by resignation"]

1. d4 Nf6 2. c4 e6 3. Nc3 Bb4 4. Qc2 O-O 5. a3 Bxc3+ 6. Qxc3 d5 7. Bg5 dxc4 8. Qxc4 b6 9. Rd1 Ba6 10. Qc2 Nbd7 11. e4 Bxf1 12. Kxf1 Qc8 13. Qc6 h6 14. Bxf6 Nxf6 15. Ne2 Qa6 16. f3 Rfd8 17. Kf2 Rac8 18. Rc1 Nd7 19. Rc2 e5 20. d5 Nc5 21. Nc3 Qd3 22. Rhc1 a6 23. Na4 Rd6 24. Nxc5 Qd4+ 0-1

[Event "*** Titled Tuesday Blitz"]
[Site "Chess.com"]
[Date "2020.10.27"]
[Round "5"]
[White "gui_borba"]
[Black "Smile2005"]
[Result "1-0"]
[WhiteElo "2453"]
[BlackElo "2289"]
[TimeControl "180+1"]
[EndTime "10:54:33 PDT"]
[Termination "gui_borba won by resignation"]

1. e4 c6 2. d4 d5 3. Nc3 g6 4. h3 Bg7 5. Nf3 Nf6 6. Bd3 dxe4 7. Nxe4 O-O 8. O-O Nxe4 9. Bxe4 Nd7 10. c3 Nf6 11.
Bd3 Be6 12. Qe2 Bd5 13. Bf4 Rc8 14. Rfe1 Bxf3 15. Qxf3 Nd5 16. Be5 e6 17. g3 Bxe5 18.
Rxe5 Qd6 19. Ree1 c5 20. dxc5 Rxc5 21. Rad1 Qc7 22. Be4 Rd8 23. Kg2 Qb6 24. Rd2 Ra5 25.
a3 Kg7 26. Red1 Qb3 27. h4 h5 28. Rd4 Rc5 29. c4 f5 1-0

[Event "*** Titled Tuesday Blitz"]
[Site "Chess.com"]
[Date "2020.10.27"]
[Round "5"]
[White "manitodeplomo"]
[Black "LiamVrolijk"]
[Result "1-0"]
[WhiteElo "2649"]
[BlackElo "2804"]
[TimeControl "180+1"]
[EndTime "10:54:35 PDT"]
[Termination "manitodeplomo won by resignation"]

1. d4 Nf6 2. c4 e6 3. Nf3 d5 4. Nc3 Bb4 5. Qa4+ Nc6 6. e3 O-O 7. Bd2 dxc4 8. Bxc4 Bd6 9. O-O e5 10. h3 exd4 11. exd4 h6 12. Rfe1 Bf5 13. a3 a6 14.
Qd1 b5 15. Ba2 Re8 16. Rc1 Qd7 17. Be3 Rad8 18. Qd2 Bxh3 19. Bxh6 Qg4 20. Qg5 Bxg2 21. Qxg7+ Qxg7 22. Bxg7 Kxg7 23. Kxg2 Bf4 24. Rxe8 Rxe8 25. Rd1 Bd6 26. Rc1 Nd8 27. Rc2 Nh5 28. Kf1 Nf4 29.
Ne2 Ng6 30. Nc3 Ne6 31. Bxe6 Rxe6 32. Nd5 Nf4 33. Nxc7 Rf6 34. Ne8+ 1-0

[Event "*** Titled Tuesday Blitz"]
[Site "Chess.com"]
[Date "2020.10.27"]
[Round "5"]
[White "crescentmoon2411"]
[Black "BrandonJacobson"]
[Result "1-0"]
[WhiteElo "2855"]
[BlackElo "2942"]
[TimeControl "180+1"]
[EndTime "10:54:36 PDT"]
[Termination "crescentmoon2411 won by resignation"]

1. e4 c5 2. Nf3 Nc6 3. Bb5 e6 4.
O-O Nge7 5. c3 a6 6. Bd3 b5 7. Bc2 Bb7 8. d3 d5 9. Nbd2 g6 10. exd5 exd5 11. Nb3 c4 12. Nc5 Bc8 13. dxc4 bxc4 14.
Nd4 Qd6 15. Nxc6 Nxc6 16. Re1+ Be7 17. Na4 Be6 18. Bh6 Bf8 19. Bxf8 Kxf8 20. b3 cxb3 21.
axb3 Kg7 22. b4 Rhd8 23. Nc5 Bc8 24. Ba4 d4 25. Qf3 dxc3 26. Bxc6 Rb8 27. Qxc3+ Qf6 28.
Qxf6+ Kxf6 29. Nxa6 1-0

[Event "*** Titled Tuesday Blitz"]
[Site "Chess.com"]
[Date "2020.10.27"]
[Round "5"]
[White "GameOverBro"]
[Black "wannabe2700"]
[Result "0-1"]
[WhiteElo "2517"]
[BlackElo "2741"]
[TimeControl "180+1"]
[EndTime "10:54:37 PDT"]
[Termination "wannabe2700 won by resignation"]

1. e4 e5 2. Nf3 Nc6 3. Bb5 a6 4. Ba4 Nf6 5. d4 exd4 6. O-O Be7 7. e5 Ne4 8. Nxd4 Nc5 9. Nf5 Bf8 10. Bxc6 dxc6 11. Qf3 Qd5 12. Qf4 Qe4 13. Qxe4 Nxe4 14. Re1 Bxf5 15. g4 Bg6 16. f4 Bc5+ 17. Kg2 f5 18. exf6 O-O 19. f5 Bf7 20. fxg7 Rfe8 21.
Bh6 Bd5 22. Kf1 Ng3+ 23. hxg3 Bc4+ 24. Kg2 Rxe1 25. Nd2 Bd5+ 26. Kh3 Rxa1 27. g5 Be3 28. g6 Bxd2 29. Bxd2 hxg6 30. fxg6 Kxg7 31. b3 Kxg6 0-1

[Event "*** Titled Tuesday Blitz"]
[Site "Chess.com"]
[Date "2020.10.27"]
[Round "5"]
[White "albano87"]
[Black "IMprovidence"]
[Result "1-0"]
[WhiteElo "2302"]
[BlackElo "2433"]
[TimeControl "180+1"]
[EndTime "10:54:37 PDT"]
[Termination "albano87 won by resignation"]

1. e4 c5 2. Nf3 d6 3. d4 cxd4 4. Qxd4 a6 5. c4 e5 6. Qd3 h6 7. Nc3 Nf6 8. b3 Be7 9. h3 O-O 10. Be2 Nbd7 11. Bb2 Nc5 12. Qe3 b5 13. O-O b4 14.
Nd5 Nxd5 15. cxd5 f5 16. exf5 Bxf5 17. Rac1 Rc8 18. Rfd1 Kh8 19. Rc4 a5 20. Nxe5 dxe5 21. d6 Bg5 22. Qxe5 Bf6 23. Qxf5 Bxb2 24. Qc2 Qf6 25.
d7 Qxf2+ 26. Kh1 Nxd7 27. Rxc8 Be5 28. Rxf8+ Nxf8 29. Rf1 1-0

[Event "*** Titled Tuesday Blitz"]
[Site "Chess.com"]
[Date "2020.10.27"]
[Round "5"]
[White "lacafi"]
[Black "TrickyFortem"]
[Result "0-1"]
[WhiteElo "2117"]
[BlackElo "2538"]
[TimeControl "180+1"]
[EndTime "10:54:37 PDT"]
[Termination "TrickyFortem won on time"]

1. d4 Nf6 2. Nf3 g6 3. c4 Bg7 4.
Nc3 O-O 5. e4 c5 6. d5 d6 7. Be2 b5 8. cxb5 a6 9. bxa6 Bxa6 10.
O-O Qa5 11. Re1 Bxe2 12. Qxe2 Nbd7 13. e5 dxe5 14. Nxe5 Nxe5 15. Qxe5 Ra7 16. Qg3 Nxd5 17. Bd2 Nb4 18. Nd5 e6 19. Nxb4 cxb4 20. a3 Rd8 21. Bxb4 Qb5 22. Rab1 h5 23. Bc3 Rd3 24. Re3 Rad7 25.
Bxg7 Rd1+ 26. Re1 Qe2 27. Qe5 Qc2 28. Bh6 f6 29. Qxe6+ Kh7 30. Rbxd1 Rxd1 31. Bf4 Rxe1+ 32. Qxe1 Qxb2 33. Qe7+ Kg8 34. h4 Qd4 35. Bh6 f5 36. Qg5 Kh7 37. Bf8 Qa1+ 38. Kh2 Qe5+ 0-1

[Event "*** Titled Tuesday Blitz"]
[Site "Chess.com"]
[Date "2020.10.27"]
[Round "5"]
[White "Msb2"]
[Black "Witik"]
[Result "1-0"]
[WhiteElo "2914"]
[BlackElo "2699"]
[TimeControl "180+1"]
[EndTime "10:54:41 PDT"]
[Termination "Msb2 won by resignation"]

1. d4 Nf6 2. Nf3 d6 3. c4 Nbd7 4. Nc3 e5 5. Bg5 Be7 6. e3 O-O 7.
Be2 c6 8. Qc2 Re8 9. O-O a6 10.
Rad1 Qc7 11. b4 b6 12. a3 Bb7 13. h3 g6 14. Rd2 e4 15. Nh2 d5 16. Rc1 Bd6 17. Nf1 Rac8 18. c5 bxc5 19. bxc5 Be7 20. Rb1 Nh5 21. Bxe7 Rxe7 22. Bxh5 gxh5 23. Qa4 Nf8 24. Rdb2 Ba8 25. Qxa6 Ng6 26. Qxc8+ Qxc8 27. Rb8 Re8 28. Rxc8 Rxc8 29. Ng3 h4 30. Nf5 Kf8 31. a4 Ke8 32. Nd6+ 1-0

[Event "*** Titled Tuesday Blitz"]
[Site "Chess.com"]
[Date "2020.10.27"]
[Round "5"]
[White "GMJustin"]
[Black "elohunter1999"]
[Result "1-0"]
[WhiteElo "2305"]
[BlackElo "2508"]
[TimeControl "180+1"]
[EndTime "10:54:44 PDT"]
[Termination "GMJustin won by resignation"]

1. c4 c6 2. Nc3 d5 3. d4 Nf6 4. Nf3 dxc4 5. a4 e6 6. e4 Bb4 7.
e5 Nd5 8. Bd2 b5 9. axb5 Bxc3 10. bxc3 cxb5 11. Ng5 Nc6 12. Qh5 Qe7 13. h4 g6 14. Qf3 h5 15. Ne4 O-O 16. Bg5 Qd7 17.
Nf6+ Nxf6 18. Bxf6 Bb7 19. Qf4 Ne7 20. Qh6 1-0

[Event "*** Titled Tuesday Blitz"]
[Site "Chess.com"]
[Date "2020.10.27"]
[Round "5"]
[White "Mikasinski"]
[Black "IngOscarArdila"]
[Result "1-0"]
[WhiteElo "2499"]
[BlackElo "2171"]
[TimeControl "180+1"]
[EndTime "10:54:44 PDT"]
[Termination "Mikasinski won by resignation"]

1. e4 e5 2. Nf3 Nc6 3. Nc3 Nf6 4. Bb5 Bb4 5. O-O O-O 6. d3 d6 7. Bg5 Bxc3 8. bxc3 Qe7 9. Re1 Nd8 10. d4 Ne6 11.
Bd2 c6 12. Bd3 Nd8 13. h3 Re8 14. Rb1 b6 15. c4 c5 16. c3 Qc7 17. Qc2 Ne6 18.
Rbd1 Nh5 19. Be3 Nhf4 20. Bf1 Bb7 21. d5 Nf8 22. Bxf4 exf4 23. e5 Ng6 24. Qf5 dxe5 25. d6 Qd8 26. Nxe5 Nxe5 27. Rxe5 Rxe5 28. Qxe5 Qf6 29.
Qe7 Rd8 30. Qxb7 g5 31. d7 Kg7 32. Qxa7 h5 33. Rd5 g4 34. hxg4 hxg4 35. Qc7 g3 36.
fxg3 fxg3 37. Qxg3+ Kf8 38. Qd6+ Qxd6 39. Rxd6 Ke7 40.
Rd2 1-0

[Event "*** Titled Tuesday Blitz"]
[Site "Chess.com"]
[Date "2020.10.27"]
[Round "5"]
[White "Bwert2602"]
[Black "googlegoom"]
[Result "0-1"]
[WhiteElo "2190"]
[BlackElo "2385"]
[TimeControl "180+1"]
[EndTime "10:54:46 PDT"]
[Termination "googlegoom won by resignation"]

1. d4 d5 2. Nc3 c6 3. Bf4 Nf6 4. Nf3 Bf5 5. e3 e6 6. Nh4 Nbd7 7. Nxf5 exf5 8. Bd3 g6 9. f3 Bb4 10. Qe2 O-O 11. h4 Qa5 12. g4 Bxc3+ 13. bxc3 Qxc3+ 14. Kf2 fxg4 15. fxg4 Ne4+ 16. Bxe4 dxe4 17. Rab1 b6 18. Bd6 Nf6 19. Bb4 Nxg4+ 20. Qxg4 Qxc2+ 21. Qe2 Qxe2+ 22. Kxe2 Rfe8 23. h5 g5 24. h6 f6 25. Rbf1 Kf7 26. Rf5 Kg6 27. Rhf1 Re6 28. d5 cxd5 29. Rxd5 Kxh6 30.
Rd7 Kg6 31. Rc1 h5 32. Rcc7 h4 0-1